Map: 16-Bit LE

Players

Leon - Winner!

  • Race: Terran Terran
  • League: Diamond
  • Spawn Location: 7:00

VOD

Have the link to the VOD?

Description

Reaper expand into cyclone/SCV pressure transition into bio with 3rd and 4th + upgrades

Time

  • Played on: July 21, 2018, 12:52 a.m.
  • Length: 11:41
Show
View Real Time Build Order
Export as new Build Order

Leon Terran - Winner!

Build Orders: Reaper Expand, MMM Bio 

Get SALT Encoding   

  12  0:02  SCV  
  12  0:15  SCV  
  12  0:21  Supply Depot  
  12  0:27  SCV  
  12  0:30  Refinery  
  12  0:43  SCV  
  12  0:47  Barracks  
  12  0:56  Refinery  
  12  1:05  SCV  
  12  1:17  SCV  
  12  1:34  Orbital Command  
  12  1:35  Reaper  
  12  1:52  Command Center  
  12  2:00  Refinery  
  12  2:01  SCV  
  12  2:12  Factory  
  12  2:19  Barracks Reactor  
  12  2:20  SCV  
  12  2:32  Supply Depot  
  12  2:42  SCV  
  12  2:54  SCV  
  12  3:02  Cyclone x2  
  12  3:06  SCV  
  12  3:11  Orbital Command  
  12  3:17  Supply Depot  
  12  3:21  SCV  
  12  3:37  Cyclone  
  12  3:42  Engineering Bay  
  12  3:48  Cyclone  
  12  3:53  SCV  
  12  3:55  SCV  
  12  4:07  Barracks  
  12  4:08  SCV  
  12  4:11  SCV  
  12  4:14  Barracks Tech Lab  
  12  4:24  Starport  
  12  4:27  SCV x2  
  12  4:35  Missile Turret  
  12  4:39  Missile Turret, SCV x2  
  12  4:49  Stimpack  
  12  4:50  Marine  
  12  4:51  SCV x2  
  12  5:02  Barracks  
  12  5:08  Terran Infantry Weapons Level 1  
  12  5:09  Starport Reactor  
  12  5:13  SCV x2  
  12  5:19  Marine x2, Supply Depot  
  12  5:20  Marine  
  12  5:25  SCV  
  12  5:33  Supply Depot  
  12  5:40  Marine x3, SCV x2  
  12  5:46  Factory Reactor  
  12  5:47  Engineering Bay  
  12  5:53  SCV x2  
  12  5:54  Medivac x2  
  12  5:58  Marine x3  
  12  6:05  SCV x2  
  12  6:24  Marine x3, Medivac  
  12  6:25  SCV  
  12  6:26  Supply Depot  
  12  6:28  Supply Depot x2  
  12  6:33  SCV  
  12  6:36  Refinery  
  12  6:37  SCV  
  12  6:38  Refinery  
  12  6:47  Marine x5, SCV  
  12  6:49  SCV  
  12  6:50  Combat Shields  
  12  6:59  Terran Infantry Armor Level 1  
  12  7:00  Armory, SCV  
  12  7:01  SCV  
  12  7:02  Medivac  
  12  7:05  Marine x3  
  12  7:10  Marine x2  
  12  7:11  Supply Depot x2  
  12  7:13  Medivac  
  12  7:23  Marine  
  12  7:29  Marine x2  
  12  7:31  SCV  
  12  7:35  Marine, SCV  
  12  7:36  Marine  
  12  7:38  Command Center  
  12  7:54  Supply Depot  
  12  7:56  Terran Infantry Weapons Level 2  
  12  7:58  Marine x5  
  12  8:01  Viking  
  12  8:06  Viking  
  12  8:17  Supply Depot  
  12  8:22  SCV  
  12  8:23  SCV  
  12  8:25  Refinery x2, Marine  
  12  8:26  Marine  
  12  8:28  Marine  
  12  8:31  Marine  
  12  8:32  Sensor Tower  
  12  8:33  Marine  
  12  8:34  Viking  
  12  8:35  SCV x2  
  12  8:47  SCV x2  
  12  8:50  Orbital Command  
  12  8:51  Missile Turret  
  12  8:55  Viking  
  12  8:56  Marine x2  
  12  8:57  Marine  
  12  8:59  SCV  
  12  9:03  Terran Infantry Armor Level 2  
  12  9:04  Viking  
  12  9:07  Concussive Shells  
  12  9:20  Supply Depot  
  12  9:21  Supply Depot  
  12  9:24  Barracks  
  12  9:25  Terran Ship Weapons Level 1, Barracks  
  12  9:45  SCV x3  
  12  9:49  Command Center  
  12  9:57  Marauder, Marine x3, SCV x3  
  12  10:01  Viking  
  12  10:02  Viking  
  12  10:11  Barracks Tech Lab x2  
  12  10:20  Marauder  
  12  10:21  Marine x3  
  12  10:22  Marine  
  12  10:30  Marauder x2, Viking  
  12  10:32  Viking  
  12  10:39  Marine  
  12  10:41  Marauder  
  12  10:43  SCV  
  12  10:44  SCV x2  
  12  10:47  Refinery  
  12  10:49  Marine  
  12  10:50  Refinery, Marine x2  
  12  10:51  Marauder  
  12  11:01  Marauder, Marine, SCV x3  
  12  11:03  Missile Turret, Marauder  
  12  11:06  Viking x2  
  12  11:12  Marauder  
  12  11:13  Supply Depot x2  
  12  11:22  SCV x3  
Tags
 
Composition
MMM Bio
League
Diamond
Race
Terran
Add a new tag
Caveats
  • Supply blocks, unpowered buildings, or Contaminate may cause inaccurate times.
  • Supply counts are checked every 10 seconds.